 Dungeon Crawl Stone Soup version 0.17.0-22-g5edae84 (console) character file.

250 Kloppie the Cudgeler (level 5, 0/38 HPs)
             Began as a Minotaur Fire Elementalist on Nov 13, 2015.
             Slain by an orc warrior
             ... wielding a +0 hand axe
              (9 damage)
             ... on level 3 of the Dungeon.
             The game lasted 00:08:14 (3616 turns).

Kloppie the Cudgeler (Minotaur Fire Elementalist)   Turns: 3616, Time: 00:08:14

Health: 0/38       AC:  5    Str: 13    XL:     5   Next: 88%
Magic:  5/6        EV: 12    Int: 13    God:
Gold:   145        SH:  0    Dex: 10    Spells: 2 memorised, 2 levels left

rFire  . . .     SeeInvis .     o - +0 whip
rCold  . . .     Clarity  .     a - +0 robe
rNeg   . . .     SustAt   .     (no shield)
rPois  .         Gourm    .     (helmet restricted)
rElec  .         Spirit   .     (no cloak)
rCorr  .         Warding  .     m - +2 pair of gloves
rMut   .         Stasis   .     (no boots)
MR     .....                    (no amulet)
Stlth  +.........               (no ring)
                                (no ring)

@: not resistant to hostile enchantments, very unstealthy
A: retaliatory headbutt, horns 2
a: no special abilities


You were on level 3 of the Dungeon.
You were not hungry.

You visited 1 branch of the dungeon, and saw 5 of its levels.

You collected 145 gold pieces.

Inventory:

Hand Weapons
 o - a +0 whip (weapon)
Armour
 a - a +0 robe (worn)
 m - a +2 pair of gloves (worn)
Jewellery
 p - an uncursed ring of protection from magic {unknown}
 x - an uncursed ring of protection from fire {unknown}
Wands
 t - a wand of enslavement (12)
 y - a wand of polymorph (7)
Scrolls
 d - 3 scrolls of identify {unknown}
 g - 2 scrolls of fog {unknown}
 h - 4 scrolls of remove curse {unknown}
 i - a scroll of enchant armour {unknown}
 n - a scroll of magic mapping {unknown}
 q - a scroll of recharging {unknown}
 r - a scroll of teleportation {unknown}
 s - a scroll of fear {unknown}
 v - a scroll of enchant weapon {unknown}
 w - a scroll of amnesia {unknown}
 C - a scroll of random uselessness {unknown}
Potions
 e - a potion of curing
 j - a potion of brilliance {unknown}
 k - a potion of invisibility {unknown}
 u - 2 potions of lignification {unknown}
 z - a potion of might {unknown}
 B - 2 potions of heal wounds {unknown}
 D - a potion of resistance {unknown}
Books
 b - a book of Flames

   Spells                             Type                      Level
   a - Flame Tongue                   Conjuration/Fire             1
   b - Throw Flame                    Conjuration/Fire             2
   c - Conjure Flame                  Conjuration/Fire             3
   d - Inner Flame                    Hexes/Fire                   3
   e - Sticky Flame                   Conjuration/Fire             4
   f - Fireball                       Conjuration/Fire             5
Comestibles
 c - 2 bread rations
 f - a meat ration
 l - a slice of pizza
 A - 2 chunks of flesh


   Skills:
 + Level 3.6 Maces & Flails
 - Level 2.1 Dodging
 - Level 1.5 Stealth
 - Level 1.3 Spellcasting
 + Level 2.5 Conjurations
 + Level 3.4 Fire Magic


You had 2 spell levels left.
You knew the following spells:

 Your Spells              Type           Power        Failure   Level  Hunger
a - Flame Tongue          Conj/Fire      #....        10%         1    ##.....
b - Conjure Flame         Conj/Fire      #.......     28%         3    ####...


Dungeon Overview and Level Annotations

Branches:
Dungeon (5/15)
 Temple: D:4-7

Altars:
Sif Muna

Annotations:
D:5 Grinder


Innate Abilities, Weirdness & Mutations

You reflexively headbutt those who attack you in melee.
You have a pair of horns on your head.


Message History

Something smites you!
* * * LOW HITPOINT WARNING * * *
Drink which item? (? for menu, Esc to quit)
You feel better. The orc warrior misses you. You furiously retaliate!
You headbutt the orc warrior.
The orc priest mumbles some strange prayers to Beogh against you.
Something smites you!
* * * LOW HITPOINT WARNING * * *
There is a stone staircase leading up here.
You climb upwards.
There is a stone staircase leading down here.
Casting: Flame Tongue
Confirm with . or Enter, or press ? or * to list all spells.
Aiming: Flame Tongue
Press: ? - help, Shift-Dir - straight line, f - orc warrior
Aim: an orc warrior, wielding a hand axe and wearing a chain mail (lightly wounded)
The flame tongue hits the orc warrior.
The orc warrior is moderately wounded.
The orc warrior hits you with a hand axe!
You die...

#........#.#....#
#........#.######
########.#.#
#.#.# #...# ##..#
#..# ##o# #@# ###


You could see an orc warrior.

Vanquished Creatures
  A giant frog skeleton (D:5)
  2 hounds
  A worker ant (D:4)
  Natasha (D:4)
  3 adders
  A shadow imp (D:5)
  An ooze (D:2)
  A worm (D:4)
  3 orcs (D:3)
  5 bats (D:1)
  7 goblins
  10 hobgoblins
  3 jackals (D:3)
  10 kobolds
  A quokka (D:2)
  2 ball pythons
  3 giant cockroaches
  3 giant geckos
  A giant gecko skeleton (D:4)
  3 giant newts
  6 rats
68 creatures vanquished.

Notes
Turn   | Place    | Note
--------------------------------------------------------------
     0 | D:1      | Kloppie the Minotaur Fire Elementalist began the quest for the Orb.
     0 | D:1      | Reached XP level 1. HP: 14/14 MP: 1/1
    79 | D:1      | Reached skill level 1 in Conjurations
   242 | D:1      | Reached XP level 2. HP: 1/20 MP: 0/3
  1311 | D:2      | Reached XP level 3. HP: 18/26 MP: 4/4
  1316 | D:2      | Reached skill level 1 in Maces & Flails
  1530 | D:2      | Found a faded altar to an unknown god.
  1737 | D:2      | Found a deep blue altar of Sif Muna.
  2232 | D:3      | Reached XP level 4. HP: 29/33 MP: 0/5
  2452 | D:3      | Learned a level 3 spell: Conjure Flame
  2600 | D:4      | Noticed an orc warrior
  2896 | D:4      | Noticed Natasha
  2907 | D:4      | Reached skill level 3 in Fire Magic
  2913 | D:4      | Killed Natasha
  2913 | D:4      | Reached XP level 5. HP: 14/38 MP: 0/6
  3194 | D:5      | Entered Level 5 of the Dungeon
  3570 | D:5      | Noticed Grinder
  3616 | D:3      | Slain by an orc warrior

Action                   |  1- 3 |  4- 6 || total
-------------------------+-------+-------++-------
Melee: Unarmed           |    19 |       ||    19
       Short sword       |    16 |       ||    16
       Club              |    43 |       ||    43
       Whip              |    36 |    82 ||   118
 Cast: Flame Tongue      |    16 |    26 ||    42
  Use: Potion            |     2 |     1 ||     3
 Stab: Sleeping          |     3 |     1 ||     4
  Eat: Chunk             |     5 |     5 ||    10
